 Dungeon Crawl Stone Soup version 0.28-a0-751-gef3a642a4e (webtiles) character file.

Game seed: 10180537501868577419

5 spiderkeys the Skirmisher (level 1, 0/14 HPs)
             Began as a Gargoyle Abyssal Knight on Oct 31, 2021.
             Was a Follower of Lugonu.
             Killed from afar by a starcursed mass (6 damage)
             ... with an accursed screaming
             ... on level 4 of the Abyss.
             The game lasted 00:00:33 (122 turns).

spiderkeys the Skirmisher (Gargoyle Abyssal Knight)  Turns: 122, Time: 00:00:34

Health: 0/14       AC:  5    Str: 16    XL:     1   Next: 80%
Magic:  2/2        EV: 11    Int: 10    God:    Lugonu [*.....]
Gold:   42         SH:  0    Dex: 10    Spells: 0/0 levels left

rFire   . . .      SeeInvis .   a - +1 mace
rCold   . . .      Faith    .   (no shield)
rNeg    + . .      Spirit   .   b - +0 leather armour
rPois   ∞          Reflect  .   (no helmet)
rElec   +          Harm     .   (no cloak)
rCorr   .          Rampage  .   (no gloves)
Will    .....                   (no boots)
Stlth   +.........              (no amulet)
HPRegen 0.04/turn               (no ring)
MPRegen 0.08/turn               (no ring)

@: no status effects
A: sickness immunity, AC +2, negative energy resistance 1, electricity
resistance, torment resistance 1, petrification resistance
a: Renounce Religion, Depart the Abyss


You were on level 4 of the Abyss.
You worshipped Lugonu.
Lugonu was aware of your devotion.
You visited 0 branches of the dungeon, and saw 0 of its levels.
You visited the Abyss 1 time.

You collected 42 gold pieces.


Innate Abilities, Weirdness & Mutations

You are immune to sickness and miasma.
Your stone body is resilient. (AC +2)
You are immune to poison.
You resist negative energy. (rN+)
You are resistant to electric shocks. (rElec)
You are resistant to unholy torment.
You are immune to petrification.


   Skills:
 + Level 3.3 Fighting
 + Level 2.1 Maces & Flails
 + Level 2.3 Armour
 + Level 0.9 Dodging
 + Level 2.1 Invocations


You couldn't memorise any spells.
You didn't know any spells.
Your spell library was empty.

Inventory:

Hand Weapons
 a - a +1 mace (weapon)
Armour
 b - a +0 leather armour (worn)
Scrolls
 c - 2 scrolls of teleportation {unknown}
 f - a scroll of immolation {unknown}
Potions
 d - a potion of heal wounds {unknown}
 e - a potion of invisibility {unknown}

Dungeon Overview and Level Annotations

Branches:
Dungeon (0/15)

Altars:

#...# #..##.#... .. .
#.....#... .. .. ..#...
.#......#.##.#..#. .....
..........#...#..#......
#........#.####....#.#.
#... #.#....## ...# ..
#...##.......#.##.....
#..!.#.#...#..........
#....@#.....#.........
#.[.........#......#....
.#................#.##.#
#......#....X#....##..##
#.#.....#.....X#..# ...
. #.#....#.###.### ##
..... ..# ... .. ..##.#
..


You could see 2 starcursed masses.


Message History

🤖 Initializing magus.rc ... ✅ Successfully initialized magus.rc [v1.9.10] Welcome, spiderkeys the Gargoyle Abyssal Knight.
The monsters here aren't big trick-or-treat fans.
If they won't give you the Orb of Zot, you'll have to take it.
Lugonu says: Depart the Abyss and spread corruption, my servant! (use the ability menu to exit the Abyss) Press ? for a list of commands and other information.
Found a corrupted altar of Lugonu.
There is a corrupted altar of Lugonu here.
Found a corrupted altar of Lugonu.
Unknown command.
Found a gateway leading deeper into the Abyss.
c - a scroll labelled HIUGRIUMEK
d - a lumpy white potion
There is a gateway leading deeper into the Abyss here.
There is a gateway leading deeper into the Abyss here.
You plunge deeper into the Abyss.
A quasit comes into view.
The ufetubus closely misses you.
The ufetubus hits you but does no damage.
The ufetubus hits you. x2 😮 HP[-4]
You take 4 damage, and now have 10/14 hp.
MASSIVE DAMAGE!! (PAUSE)
You miss the ufetubus. The ufetubus hits you.
The ufetubus hits you but does no damage. 😮 HP[-2]
You take 2 damage, and now have 8/14 hp.
You miss the ufetubus. The ufetubus misses you. The ufetubus hits you.
* * * LOW HITPOINT WARNING * * *
The ufetubus hits you.
* * * LOW HITPOINT WARNING * * *
The ufetubus closely misses you. 😨 HP[-4]
You take 4 damage, and now have 4/14 hp.
MASSIVE DAMAGE!! (PAUSE)
You sock the ufetubus!
You kill the ufetubus!
e - a white potion 😨 HP[+1]
Found a gateway leading deeper into the Abyss.
There is a gateway leading deeper into the Abyss here.
You plunge deeper into the Abyss.
The abyssal rune of Zot can be found at this depth.
f - a scroll labelled HOT LIM COGA
Found a gateway leading deeper into the Abyss.
There is a gateway leading deeper into the Abyss here.
c - 2 scrolls labelled HIUGRIUMEK (gained 1) 😨 HP[+1]
There is a gateway leading deeper into the Abyss here.
You plunge deeper into the Abyss.
The abyssal rune of Zot can be found at this depth.
You now have 42 gold pieces.
A water elemental comes into view.
A starcursed mass comes into view.
A starcursed mass splits.
A starcursed mass splits.
A chorus of shrieks assaults your mind.
You die...

Action                   || total
-------------------------++-------
Melee: Mace              ||     3
Armor: Leather armour    ||     2
Dodge: Dodged            ||     3

Levels and vault maps discovered:
Abyss:4:  base: Temple, nicolae_abyss_rune_left_handed, evilmike_abyss_exit_1

Notes
Turn   | Place    | Note
-------+----------+-------------------------------------------
     0 | Abyss:1  | spiderkeys the Gargoyle Abyssal Knight began the quest for
                  | the Orb.
     0 | Abyss:1  | Reached XP level 1. HP: 14/14 MP: 2/2
     0 | Abyss:1  | magus.rc [v1.9.10]
     5 | Abyss:1  | Found a corrupted altar of Lugonu.
    53 | Abyss:2  | Noticed a quasit
   118 | Abyss:4  | Noticed a water elemental
   119 | Abyss:4  | Noticed a starcursed mass
   122 | Abyss:4  | Killed from afar by a starcursed mass

Vanquished Creatures
  An ufetubus (Abyss:2)
1 creature vanquished.

Table legend:
 A = Non-vault XP
 B = Vault XP
 C = Vault XP percentage of total XP
 D = Non-vault monster count
 E = Vault monster count
 F = Vault count percentage of total count
                 A         B        C        D         E       F
            +---------+---------+-------+---------+---------+-------
      Total |       8 |       0 |   0.0 |       1 |       0 |   0.0
            +---------+---------+-------+---------+---------+-------
    Abyss:2 |       8 |       0 |   0.0 |       1 |       0 |   0.0
            +---------+---------+-------+---------+---------+-------

Illustrated notes

Table legend:
 A = Kills in this place as a percentage of kills in entire the game.
 B = Kills by you in this place as a percentage of kills by you in the entire game.
 C = Kills by friends in this place as a percentage of kills by friends in the entire game.
 D = Other kills in this place as a percentage of other kills in the entire game.
 E = Experience gained in this place as a percentage of experience gained in the entire game.
 F = Experience gained in this place divided by the number of levels of this place that you have seen.
                   A       B       C       D       E      F
               +-------+-------+-------+-------+-------+----------------------
         Total | 100.0 | 100.0 |   N/A |   N/A | 100.0 |   2.0
         Abyss | 100.0 | 100.0 |   N/A |   N/A | 100.0 |   2.0
               +-------+-------+-------+-------+-------+----------------------

Table legend: (Time is in decaauts)
 A = Elapsed time spent in this place.
 B = Non-inter-level travel time spent in this place.
 C = Inter-level travel time spent in this place.
 D = Time resting spent in this place.
 E = Time spent auto-exploring this place.
 F = Levels seen in this place.
 G = Mean time per level.
                   A        B        C        D        E       F      G
               +--------+--------+--------+--------+--------+-----+--------+
         Total |    122 |    122 |      0 |      0 |     14 |   4 |   30.5 |
         Abyss |    122 |    122 |      0 |      0 |     14 |   4 |   30.5 |
               +--------+--------+--------+--------+--------+-----+--------+

Top non-repeatable levels by time:
 Abyss:2: 42 daAuts
 Abyss:1: 42 daAuts
 Abyss:3: 21 daAuts
 Abyss:4: 15 daAuts
